 Dungeon Crawl Stone Soup version 0.23-a0-586-gacb4b3f (webtiles) character file.

25 Firecrotchwizard the Ruffian (level 3, 0/31 HPs)
             Began as a Ghoul Monk on Dec 19, 2018.
             Slain by Terence
             ... wielding a +0 flail
              (10 damage)
             ... on level 2 of the Dungeon.
             The game lasted 00:01:37 (622 turns).

Firecrotchwizard the Ruffian (Ghoul Monk)            Turns: 622, Time: 00:01:37

Health: 0/31       AC:  2    Str: 15    XL:     3   Next: 6%
Magic:  2/2        EV: 13    Int:  5    God:
Gold:   88         SH:  0    Dex: 11    Spells: 2/2 levels left

rFire    . . .     SeeInvis .     - Unarmed
rCold    + . .     Gourm    .   (no shield)
rNeg     + + +     Faith    .   a - +0 robe
rPois    ∞         Spirit   .   (no helmet)
rElec    .         Reflect  .   (no cloak)
rCorr    .         Harm     .   (no gloves)
MR       +....                  (no boots)
Stlth    ++........             (no amulet)
HPRegen  0.00/turn              h - ring of protection from magic {MR+, !d}
MPRegen  0.08/turn              (no ring)

@: rotting
A: rotting body, claws 1, carnivore, cold resistance 1, negative energy
resistance 3, inhibited regeneration, torment resistance, unbreathing
a: no special abilities


You were on level 2 of the Dungeon.
You were not hungry.

You visited 1 branch of the dungeon, and saw 2 of its levels.

You collected 88 gold pieces.

Inventory:

Armour
 a - a +0 robe (worn)
Jewellery
 h - a ring of protection from magic (left claw) {MR+, !d}
   (You found it on level 1 of the Dungeon)
Scrolls
 d - a scroll of teleportation {unknown}
 f - a scroll of fog {unknown}
 g - 2 scrolls of identify {unknown}
Potions
 e - a potion of curing {unknown}
Comestibles
 b - a ration
 c - 5 chunks of flesh {@w0}


   Skills:
 + Level 3.6 Fighting
 + Level 3.0 Dodging
 - Level 2.1 Stealth
 * Level 4.0 Unarmed Combat


You had 2 spell levels left.
You didn't know any spells.
Your spell library was empty.

Dungeon Overview and Level Annotations

Branches:
Dungeon (2/15)

Altars:

Annotations:
D:2 Terence


Innate Abilities, Weirdness & Mutations

Your body is rotting away.
You thrive on raw meat.
You are immune to poison.
You have sharp fingernails.
You are carnivorous and can eat meat at any time.
Your flesh is cold resistant. (rC+)
You are immune to negative energy. (rN+++)
You do not regenerate when monsters are visible.
You are immune to unholy pain and torment.
You can survive without breathing.


Message History

You may need something to eat soon, looking for food.
Can't find anything matching that.
Sorry, you're not good enough to have a special ability.
You butcher the rat corpse.
c - 4 chunks of flesh {@w0} (gained 1)
You see here a rat skeleton. x2
There is an open door here.
You open the door.
There is an open door here.
You now have 88 gold pieces (gained 8).
Done exploring.
Done exploring.
(D) Dungeon
Where to? (? - help)
There is an open door here.
There is a stone staircase leading down here.
You climb downwards.
A hobgoblin and a kobold come into view.
There is a stone staircase leading up here.
The hobgoblin shouts!
The kobold shouts!
You hear a shout!
The hobgoblin barely misses you.
You hear an angry hiss.
You claw the hobgoblin!
You kill the hobgoblin!
The kobold closely misses you.
You scratch the kobold.
You kill the kobold!
No target in view!
Things that are here:
a +0 dagger; a kobold corpse You butcher the kobold corpse.
c - 5 chunks of flesh {@w0} (gained 1)
Things that are here:
a +0 dagger; a kobold skeleton Some of the chunks of flesh in your inventory have rotted away.
Things that are here:
a +0 dagger; a kobold skeleton
Things that are here:
a +0 club; a hobgoblin corpse You butcher the hobgoblin corpse.
c - 5 chunks of flesh {@w0} (gained 1)
Things that are here:
a +0 club; a hobgoblin skeleton
Things that are here:
a +0 club; a hobgoblin skeleton A leopard gecko comes into view.
The leopard gecko hisses angrily.
A hobgoblin comes into view.
The hobgoblin shouts!
The leopard gecko misses you.
You barely miss the leopard gecko. The leopard gecko bites you.
You take 2 damage, and have 24/26 hp.
You claw the leopard gecko!
You kill the leopard gecko!
Your Unarmed Combat skill increases to level 4!
You have reached level 3!
Your experience leads to an increase in your attributes!
Increase (S)trength, (I)ntelligence, or (D)exterity?
You feel stronger.
You regained 4 hp, and now have 28/31 hp.
MP restored: 2 You claw the hobgoblin!
You kill the hobgoblin!
Your Dodging skill increases to level 3!
No target in view!
A rat comes into view.
A rat is nearby!
Terence the Incautious comes into view.
He is wielding a +0 flail.
Terence shouts!
You scratch the rat.
You kill the rat!
You hear an angry hiss.
There is a stone staircase leading up here.
You aren't carrying any items that you can evoke.
Okay, then.
h - a ring of protection from magic (left claw) Terence shouts, "Now you die!"
You barely miss Terence. You barely miss Terence. Terence barely misses you.
You closely miss Terence. Terence barely misses you.
You scratch Terence but do no damage. Terence hits you with a +0 flail.
You take 5 damage, and have 24/31 hp.
You closely miss Terence. You closely miss Terence.
Terence hits you with a +0 flail.
You take 5 damage, and have 19/31 hp.
You are too injured to fight recklessly!
You are too injured to fight recklessly!
You barely miss Terence. Terence misses you.
You scratch Terence. Terence barely misses you.
You barely miss Terence. You closely miss Terence.
Terence hits you with a +0 flail.
You take 5 damage, and have 14/31 hp.
You scratch Terence but do no damage. Terence misses you.
You closely miss Terence. Terence misses you.
You closely miss Terence. You barely miss Terence. Terence closely misses you.
You scratch Terence but do no damage. Terence hits you with a +0 flail.
You take 4 damage, and have 10/31 hp.
You completely miss Terence. Terence hits you with a +0 flail!
You die...

#....# #....#
##....#
####.....#
#....#..##
###.####.##
#...# .#
#####@#####..###
#...@...........
######..).......
#.)......##
######.### #


You could see Terence.

Vanquished Creatures
  A dart slug (D:1)
  A leopard gecko (D:2)
  2 goblins (D:1)
  4 hobgoblins
  A bat (D:1)
  2 frilled lizards (D:1)
  3 kobolds
  11 rats
25 creatures vanquished.

Notes
Turn   | Place    | Note
-------+----------+-------------------------------------------
     0 | D:1      | Firecrotchwizard the Ghoul Monk began the quest for the
                  | Orb.
     0 | D:1      | Reached XP level 1. HP: 19/19 MP: 0/0
   130 | D:1      | Reached XP level 2. HP: 19/26 MP: 1/1
   585 | D:2      | Reached skill level 4 in Unarmed Combat
   585 | D:2      | Reached XP level 3. HP: 28/31 MP: 2/2
   587 | D:2      | Reached skill level 3 in Dodging
   592 | D:2      | Noticed Terence
   622 | D:2      | Slain by Terence

Vault maps used:
D:1:      minmay_arrival_diagonal_passages, minmay_rat_gold_closets
D:2:      uniq_robin, uniq_terence, uniq_crazy_yiuf_cottage

Skill      XL: |  1  2  3 |
---------------+----------+-----
Unarmed Combat | 4 |  4.0
Dodging        | 3 |  3.0
Fighting       | |  3.6
Stealth        | |  2.1

Action                   || total
-------------------------++-------
Melee: Unarmed           ||    62
 Stab: Sleeping          ||     3
  Eat: Chunk             ||     8
Armor: Robe              ||     6
Dodge: Dodged            ||    34

Table legend:
 A = Non-vault XP
 B = Vault XP
 C = Vault XP percentage of total XP
 D = Non-vault monster count
 E = Vault monster count
 F = Vault count percentage of total count
                 A         B        C        D         E       F
            +---------+---------+-------+---------+---------+-------
      Total |      31 |       6 |  16.2 |      19 |       6 |  24.0
            +---------+---------+-------+---------+---------+-------
        D:1 |      22 |       6 |  21.4 |      14 |       6 |  30.0
        D:2 |       9 |       0 |   0.0 |       5 |       0 |   0.0
            +---------+---------+-------+---------+---------+-------

Vault maps used:
D:1:      minmay_arrival_diagonal_passages, minmay_rat_gold_closets
D:2:      uniq_robin, uniq_terence, uniq_crazy_yiuf_cottage

Table legend:
 A = Turns spent in this place as a percentage of turns spent in the entire game.
 B = Non-inter-level travel turns spent in this place as a percentage of non-inter-level travel turns spent in the entire game.
 C = Inter-level travel turns spent in this place as a percentage of turns spent in this place.
 D = Turns resting spent in this place as a percentage of non-inter-level travel turns spent in this place.
 E = Turns spent auto-exploring this place as a percentage of non-inter-level travel turns spent in this place.
 F = Non-inter-level travel turns spent in this place divided by the number of levels of this place that you've seen.
                   A       B       C       D       E      F
               +-------+-------+-------+-------+-------+----------------------
         Total | 100.0 | 100.0 |   4.3 |   0.0 |  71.9 | 297.5
       Dungeon | 100.0 | 100.0 |   4.3 |   0.0 |  71.9 | 297.5
               +-------+-------+-------+-------+-------+----------------------

Table legend:
 A = Kills in this place as a percentage of kills in entire the game.
 B = Kills by you in this place as a percentage of kills by you in the entire game.
 C = Kills by friends in this place as a percentage of kills by friends in the entire game.
 D = Other kills in this place as a percentage of other kills in the entire game.
 E = Experience gained in this place as a percentage of experience gained in the entire game.
 F = Experience gained in this place divided by the number of levels of this place that you have seen.
                   A       B       C       D       E      F
               +-------+-------+-------+-------+-------+----------------------
         Total | 100.0 | 100.0 |   N/A |   N/A | 100.0 |  18.5
       Dungeon | 100.0 | 100.0 |   N/A |   N/A | 100.0 |  18.5
               +-------+-------+-------+-------+-------+----------------------
